 Dungeon Crawl Stone Soup version 0.18-a0-1570-gf60b0ab (webtiles) character file.

10838 Ratboiler the Cleaver (level 11, -1/59 HPs)
             Began as a Vine Stalker Wanderer on Mar 14, 2016.
             Was a High Priest of Okawaru.
             Slain by a white ugly thing (6 damage)
             ... on level 11 of the Dungeon.
             The game lasted 00:31:02 (8820 turns).

Ratboiler the Cleaver (Vine Stalker Wanderer)       Turns: 8820, Time: 00:31:02

Health: -1/59      AC: 16    Str: 13    XL:     11   Next: 68%
Magic:  0/17       EV:  5    Int: 13    God:    Okawaru [*****.]
Gold:   606        SH: 11    Dex: 18    Spells: 2 memorised, 6 levels left

rFire  + . .     SeeInvis .     a - +0 war axe
rCold  + + .     Gourm    .     V - +1 chain mail {rC+}
rNeg   + . .     Faith    .     N - +0 buckler
rPois  +         Spirit   +     n - +0 helmet
rElec  +         Dismiss  .     Z - +1 cloak
rCorr  +         Reflect  +     D - +2 pair of gloves
SustAt .         Harm     .     Q - +0 pair of boots
MR     +....                    x - +5 amulet of reflection
Stlth  ..........               g - ring of positive energy
                                S - ring of stealth

@: resistant, somewhat resistant to hostile enchantments, extremely unstealthy
A: fangs 3, regeneration 2, magic shield, antimagic bite, no device heal 3, rot
immunity
a: Heroism, Finesse, Renounce Religion


You were on level 11 of the Dungeon.
You worshipped Okawaru.
Okawaru was extremely pleased with you.
You were not hungry.

You visited 2 branches of the dungeon, and saw 12 of its levels.
You also visited: Ice Cave.

You collected 606 gold pieces.

Inventory:

Hand Weapons
 a - a +0 war axe (weapon)
 b - a +2 blowgun
 d - a +0 hand crossbow
 o - the +6 great sword "Hell-Harrower" {slice, rElec Stlth+, unknown}
   (You found it in an ice cave)

   It inflicts extra damage upon your enemies.
   It insulates you from electricity.
   It makes you more stealthy.
Missiles
 e - 42 bolts
 j - 2 throwing nets
 r - 11 needles of sleeping
 y - 18 tomahawks (quivered)
 L - 20 bolts of frost
 M - 11 poisoned needles
 T - 8 needles of frenzy
Armour
 n - a +0 helmet (worn)
 D - a +2 pair of gloves (worn)
 N - a +0 buckler (worn)
 Q - a +0 pair of boots (worn)
 V - a +1 chain mail of cold resistance (worn)
 Z - a +1 cloak (worn)
Jewellery
 c - an uncursed amulet of the gourmand {unknown}
 g - a ring of positive energy (right hand)
 x - a +5 amulet of reflection (around neck)
 G - an uncursed ring of fire
 I - an uncursed ring of sustain attributes
 O - an uncursed amulet of harm {unknown}
 S - a ring of stealth (left hand)
Wands
 i - a wand of digging (0/24)
 l - a wand of slowing (15/48)
 u - a wand of iceblast (7/15)
 w - a wand of acid (1/15)
 H - a wand of digging (0/24)
 R - a wand of polymorph (15/24)
 W - a wand of paralysis (18/24)
 X - a wand of lightning (6/15)
Scrolls
 h - 4 scrolls of fog
 k - 3 scrolls of enchant weapon
 t - 2 scrolls of teleportation
 C - 4 scrolls of remove curse
Potions
 q - a potion of mutation
 z - a potion of brilliance
 B - a potion of flight
 E - 2 potions of lignification
 F - 4 potions of curing
 K - 2 potions of cancellation {unknown}
 P - a potion of degeneration {unknown}
Books
 A - a book of Ice

   Spells                             Type                      Level
   a - Ice Form                       Ice/Transmutation            4
   b - Metabolic Englaciation         Hexes/Ice                    5
   c - Ozocubu's Refrigeration        Ice                          6
   d - Bolt of Cold                   Conjuration/Ice              6
   e - Freezing Cloud                 Conjuration/Ice/Air          6
   f - Simulacrum                     Ice/Necromancy               6
Comestibles
 f - 5 bread rations
 m - a meat ration
 v - 2 slices of pizza


   Skills:
 - Level 7.7 Fighting
 - Level 12.6 Axes
   Level 1.0(8.3) Maces & Flails
 - Level 1.0 Crossbows
 - Level 1.7 Throwing
 - Level 1.0 Armour
 - Level 4.6 Shields
 * Level 7.5 Invocations


You had 6 spell levels left.
You knew the following spells:

 Your Spells              Type           Power        Failure   Level  Hunger
a - Repel Missiles        Chrm/Air       #.....       100%        2    ###....
b - Swiftness             Chrm/Air       #.......     100%        2    ###....


Dungeon Overview and Level Annotations

Branches:
Dungeon (11/15)            Temple (1/1) D:6            Lair (0/8) D:10
    Orc (0/2) D:10

Altars:
Ashenzari
Cheibriados
Dithmenos
Elyvilon
Fedhas
Gozag
Kikubaaqudgha
Makhleb
Nemelex Xobeh
Okawaru
Pakellas
Qazlal
Ru
Sif Muna
Trog
Vehumet
Xom
Yredelemnul
Zin
The Shining One


Innate Abilities, Weirdness & Mutations

You have razor-sharp teeth.
You heal very quickly.
When hurt, damage is shared between your health and your magic reserves.
Your bite disrupts and absorbs the magic of your enemies.
Potions and wands cannot restore your health.
You are immune to rotting.


Message History

You feel protected.
The white ugly thing bites you but does no damage.
You closely miss the white ugly thing. Your bite misses the white ugly thing.
The white ugly thing is severely wounded.
The white ugly thing bites you but does no damage.
You bump into the rock wall.
You feel less invigorated.
You feel less confused. The white ugly thing bites you.
The white ugly thing freezes you! You resist.
* * * LOW HITPOINT WARNING * * *
You hit the white ugly thing. Your bite misses the white ugly thing.
The white ugly thing is severely wounded.
The white ugly thing bites you.
* * * LOW HITPOINT WARNING * * *
The white ugly thing freezes you! You resist.
* * * LOW HITPOINT WARNING * * *
You hit the white ugly thing but do no damage.
Your bite misses the white ugly thing.
The white ugly thing is severely wounded.
The white ugly thing bites you!
You die...

*,,,,,,,,* *,,,#...#
*,.......* *.*,#.#.#
*........#*##.*,#.#.#
*........#*.',*,#.#.#
*........#*.#,*,#.#.#
*........##.#,#,#.#.#
*........#..#,#.#.#.#******
*........#.##.#.###.+,,,,,,
*.......au@##.......#******
*........########'###
*#+#####..## #.# *,.,#.....#
#.# **###.#.....## ###(####
*,...........# #..)...#
*,...........###......#
*,.............'......#
*,......#.....##......#*****


You could see a white ugly thing and a worker ant.

Vanquished Creatures
  2 centaur skeletons
  11 polar bears (IceCv)
  Prince Ribbit (D:5)
  Sigmund (D:3)
  12 yaks (IceCv)
  Eustachio (D:6)
  2 hungry ghosts
  A warg (D:10)
  A water moccasin (D:8)
  2 orc warriors
  2 sky beasts
  10 ice beasts
  2 phantoms
  13 wolves (IceCv)
  5 centaurs
  5 ogres
  2 big kobolds
  3 giant frogs
  A wyvern zombie (D:9)
  A wyvern skeleton (D:6)
  A scorpion (D:8)
  2 crimson imps
  2 howler monkeys
  A quasit (D:8)
  2 centaur zombies (D:10)
  3 orc priests
  A hound (D:7)
  A giant frog zombie (D:5)
  An iguana (D:7)
  7 orc wizards
  3 giant frog skeletons (D:7)
  10 worker ants
  A hound zombie (D:10)
  A hound skeleton (D:4)
  Robin (D:2)
  A worker ant zombie (D:6)
  4 gnolls (D:8)
  A howler monkey skeleton (D:7)
  9 adders
  2 shadow imps
  An ooze (D:5)
  An adder zombie (D:7)
  An adder skeleton (D:6)
  3 dart slugs
  4 worms
  3 giant geckos
  17 orcs
  7 giant cockroaches
  11 goblins
  8 hobgoblins
  6 jackals
  6 quokkas
  A ball python (D:5)
  5 bats
  2 giant gecko skeletons
  6 giant newts
  9 kobolds
  A quokka skeleton (D:6)
  6 rats
230 creatures vanquished.

Vanquished Creatures (others)
  A polar bear (IceCv)
1 creature vanquished.

Grand Total: 231 creatures vanquished

Notes
Turn   | Place    | Note
--------------------------------------------------------------
     0 | D:1      | Ratboiler the Vine Stalker Wanderer began the quest for the Orb.
     0 | D:1      | Ratboiler set off with: 3 curare-tipped needles, a +2 blowgun, a +0 ring mail, a +0 hand crossbow, 23 bolts, a bread ration
     0 | D:1      | Reached XP level 1. HP: 14/14 MP: 2/2
   318 | D:1      | Reached XP level 2. HP: 18/18 MP: 3/3
   441 | D:1      | Reached skill level 5 in Fighting
   759 | D:2      | Reached XP level 3. HP: 15/23 MP: 4/4
  1042 | D:2      | Reached XP level 4. HP: 21/28 MP: 5/5
  1324 | D:2      | Noticed Robin
  1380 | D:2      | Killed Robin
  1660 | D:3      | Found a shadowy altar of Dithmenos.
  1760 | D:3      | Reached XP level 5. HP: 32/32 MP: 6/6
  1824 | D:3      | Noticed Sigmund
  1840 | D:3      | Killed Sigmund
  1840 | D:3      | Gained mutation: You heal very quickly. [Vine Stalker growth]
  1840 | D:3      | Reached XP level 6. HP: 36/38 MP: 7/7
  2347 | D:4      | Found a stormy altar of Qazlal.
  2549 | D:4      | Found a radiant altar of Vehumet.
  2565 | D:5      | Entered Level 5 of the Dungeon
  2566 | D:5      | Found a blossoming altar of Fedhas.
  2643 | D:5      | Reached skill level 1 in Shields
  2643 | D:5      | Reached XP level 7. HP: 42/42 MP: 8/8
  2802 | D:5      | Noticed Prince Ribbit
  2810 | D:5      | Killed Prince Ribbit
  2857 | D:5      | Reached skill level 1 in Axes
  2857 | D:5      | Gained mutation: You have razor-sharp teeth. [Vine Stalker growth]
  2857 | D:5      | Reached XP level 8. HP: 38/47 MP: 6/9
  2885 | D:4      | Found an oddly glowing altar of Pakellas.
  2925 | D:5      | Reached skill level 2 in Axes
  3584 | D:6      | Found a sparkling altar of Nemelex Xobeh.
  3681 | D:6      | Noticed Eustachio
  3688 | D:6      | Killed Eustachio
  3688 | D:6      | Reached skill level 3 in Axes
  3760 | D:6      | Reached skill level 4 in Axes
  3942 | D:6      | Found a staircase to the Ecumenical Temple.
  3957 | Temple   | Entered the Ecumenical Temple
  4052 | Temple   | Became a worshipper of Warmaster Okawaru
  4151 | D:6      | Reached skill level 5 in Axes
  4312 | D:6      | Found an opulent altar of Gozag.
  4312 | D:6      | Found a white marble altar of Elyvilon.
  4521 | D:7      | Reached skill level 6 in Axes
  4545 | D:6      | Reached XP level 9. HP: 45/51 MP: 10/10
  4686 | D:7      | Reached skill level 7 in Axes
  4691 | D:7      | Reached * piety under Okawaru
  4977 | D:7      | Reached skill level 8 in Axes
  5430 | D:8      | Noticed a two-headed ogre
  5707 | D:8      | Reached ** piety under Okawaru
  5713 | D:8      | Reached skill level 9 in Axes
  6290 | D:8      | Reached XP level 10. HP: 54/56 MP: 11/11
  6454 | D:9      | Learned a level 2 spell: Repel Missiles
  6457 | D:9      | Learned a level 2 spell: Swiftness
  6481 | D:9      | Reached skill level 10 in Axes
  6854 | D:9      | Reached *** piety under Okawaru
  6998 | D:10     | Entered Level 10 of the Dungeon
  7008 | D:10     | Noticed a hill giant
  7296 | D:10     | Reached skill level 11 in Axes
  7459 | D:11     | Received a gift from Okawaru
  7477 | D:11     | Found a frozen archway.
  7506 | D:11     | Reached **** piety under Okawaru
  7520 | D:11     | Noticed a white ugly thing
  7523 | IceCv    | Entered an ice cave
  7549 | IceCv    | Reached skill level 12 in Axes
  7664 | IceCv    | Noticed an ice statue
  7908 | IceCv    | Reached XP level 11. HP: 53/59 MP: 10/12
  7973 | IceCv    | Reached ***** piety under Okawaru
  7973 | IceCv    | Reached skill level 1 in Invocations
  8056 | IceCv    | Got a crystal great sword
  8187 | IceCv    | Reached skill level 5 in Invocations
  8370 | IceCv    | Received a gift from Okawaru
  8651 | IceCv    | Noticed a frost giant
  8651 | IceCv    | Noticed a death yak
  8820 | D:11     | Slain by a white ugly thing

Vault maps used:
D:1:      kilobyte_arrival_exit_the_forest, serial_curves, eino_curves_01,
          eino_curves_04, eino_curves_02
D:2:      uniq_robin
D:3:      grunt_dithmenos_smoke_and_mirrors, minmay_misc_feat_alley,
          uniq_sigmund
D:4:      vehumet_crystals, lemuel_doored_altar, nicolae_overflow_hidden_temple,
          first_bread
D:5:      lemuel_crystal_altar, uniq_prince_ribbit1
D:6:      overflow_temple_1_default, gammafunk_temple_overflow_wave,
          minmay_temple_entry_statues_pillars, uniq_eustachio
D:10:     erik_lair_orcish_takeover, orc_0_dummy, minivault_11
D:11:     portal_ice_cave_entry_ice_beasts
Temple:   circular_temple_pool_12
IceCv:    ice_cave_caverns_03

Skill      XL: |  1  2  3  4  5  6  7  8  9 10 11 |
---------------+----------------------------------+-----
Fighting       | 5 6 7 |  7.7
Shields        | 1 4 |  4.6
Axes           | 1 6 9 12 | 12.6
Invocations    | 7 |  7.5
Maces & Flails | |  1.0
Crossbows      | |  1.0
Throwing       | |  1.7
Armour         | |  1.0

Action                   |  1- 3 |  4- 6 |  7- 9 | 10-12 || total
-------------------------+-------+-------+-------+-------++-------
Melee: Club              |    92 |   145 |    13 |       ||   250
       War axe           |       |       |   349 |   465 ||   814
 Fire: Hand crossbow     |    24 |       |       |       ||    24
       Blowgun           |       |     8 |    11 |     8 ||    27
Invok: Heroism           |       |       |       |     4 ||     4
       Finesse           |       |       |       |     1 ||     1
Evoke: Wand              |       |     4 |     3 |     9 ||    16
  Use: Scroll            |       |     6 |     8 |    10 ||    24
       Potion            |       |       |     1 |    12 ||    13
 Stab: Paralysed         |       |       |     6 |       ||     6
       Distracted        |       |       |     1 |       ||     1
  Eat: Chunk             |       |     4 |     6 |     6 ||    16
       Fruit             |       |     2 |     2 |       ||     4
       Meat ration       |       |       |     1 |       ||     1
       Pizza             |       |       |     1 |       ||     1
       Bread ration      |       |       |     2 |     1 ||     3
